TOP OF THE 1ST |
St. Louis Coeur batting - Pitching for Echo Park Lakers : RHP Hang-ki Cong
|
Pitching: RHP Hang-ki Cong
|
|
Batting: RHB Jorge Beguer
|
0-0: Ball 1-0: Called Strike 1-1: Foul Ball, location: 2F 1-2: Ball 2-2: Foul Ball, location: 2F 2-2: Ground out 4-3 (Groundball, 4, EV 90.0 MPH)
|
Batting: LHB Oliver Ortega
|
0-0: Ball 1-0: Ball 2-0: Swinging Strike 2-1: SINGLE (Flyball, 89M, EV 90.6 MPH)
|
Batting: SHB Eisse van Opdorp
|
0-0: Called Strike 0-1: Ball 1-1: Called Strike 1-2: Ball 2-2: 2-RUN HOME RUN (Flyball, 9LD, EV 92.5 MPH), Distance : 338 ft
|
Batting: RHB Marcos Iglecias
|
0-0: Ball 1-0: Swinging Strike 1-1: Ball 2-1: Ground out 6-3 (Groundball, 56D, EV 109.4 MPH)
|
Batting: RHB Neyo Caguioa
|
0-0: Ball 1-0: Foul Ball, location: 2F 1-1: Foul Ball, location: 2F 1-2: Ball 2-2: SINGLE (Groundball, 5L, EV 98.8 MPH) (infield hit)
|
Batting: RHB Asvarya Konduru
|
0-0: Ball 1-0: Swinging Strike 1-1: Called Strike 1-2: Foul Ball, location: 2F 1-2: Foul Ball, location: 2F 1-2: Ball 2-2: SINGLE (Groundball, 6MD, EV 105.6 MPH) Neyo Caguioa to second Runner from 2nd tries for 3rd, SAFE, no throw by CF
|
Batting: SHB Ozzie Canales-Lister
|
0-0: Ball 1-0: Called Strike 1-1: 3-RUN HOME RUN (Flyball, 89XD, EV 108.8 MPH), Distance : 426 ft
|
Batting: RHB Mark MacGrewar
|
0-0: Ball 1-0: TRIPLE (Flyball, 78XD, EV 93.1 MPH)
|
Batting: RHB César Hinojosa
|
0-0: Called Strike 0-1: Swinging Strike 0-2: Ground out 4-3 (Groundball, 4, EV 105.6 MPH)
|
Top of the 1st over - 5 runs, 6 hits, 0 errors, 1 left on base; St. Louis 5 - Echo Park 0 |
BOTTOM OF THE 1ST |
Echo Park Lakers batting - Pitching for St. Louis Coeur : RHP George Law
|
Pitching: RHP George Law
|
|
Batting: LHB Scott Daniel
|
0-0: Ball 1-0: Ball 2-0: Called Strike 2-1: Ball 3-1: Foul Ball, location: 2F 3-2: Foul Ball, location: 2F 3-2: Foul Ball, location: 2F 3-2: Base on Balls
|
Batting: RHB Jochen Nelis
|
0-0: Called Strike 0-1: SINGLE (Groundball, 6S, EV 66.2 MPH) (infield hit) Scott Daniel to second
|
Batting: LHB Donald Anderson
|
0-0: Called Strike 0-1: Ball 1-1: Grounds into double play, 4-6-3 (Groundball, 4, EV 88.1 MPH) Scott Daniel to third
|
Batting: RHB Jon Griffin
|
0-0: Called Strike 0-1: Ball 1-1: Ball 2-1: Ground out 5-3 (Groundball, 56S, EV 88.8 MPH)
|
Bottom of the 1st over - 0 runs, 1 hit, 0 errors, 1 left on base; St. Louis 5 - Echo Park 0 |
TOP OF THE 2ND |
St. Louis Coeur batting - Pitching for Echo Park Lakers : RHP Hang-ki Cong
|
Batting: RHB Jorge Beguer
|
0-0: Foul Ball, location: 2F 0-1: Foul Ball, location: 2F 0-2: Ball 1-2: Foul Ball, location: 2F 1-2: Foul Ball, location: 2F 1-2: Foul Ball, location: 2F 1-2: Ball 2-2: Foul Ball, location: 2F 2-2: Foul Ball, location: 2F 2-2: SINGLE (Flyball, 4MD, EV 84.4 MPH)
|
Batting: LHB Oliver Ortega
|
0-0: Ball 1-0: Called Strike 1-1: Swinging Strike 1-2: Ball 2-2: Strikes out looking
|
Pitching: RHP León Martínez
|
|
Batting: SHB Eisse van Opdorp
|
0-0: Called Strike 0-1: Called Strike Jorge Beguer steals 2nd base 0-2: Ball 1-2: Strikes out swinging
|
Batting: RHB Marcos Iglecias
|
0-0: Ball 1-0: Called Strike 1-1: Ball 2-1: Ball 3-1: Ground out 5-3 (Groundball, 56S, EV 70.6 MPH)
|
Top of the 2nd over - 0 runs, 1 hit, 0 errors, 1 left on base; St. Louis 5 - Echo Park 0 |
BOTTOM OF THE 2ND |
Echo Park Lakers batting - Pitching for St. Louis Coeur : RHP George Law
|
Batting: LHB John Harper
|
0-0: Ground out U3 (Groundball, 3, EV 88.8 MPH)
|
Batting: RHB Shaun Kingsley
|
0-0: Ground out 5-3 (Groundball, 5S, EV 68.8 MPH)
|
Batting: RHB Emory Mills
|
0-0: Called Strike 0-1: Ball 1-1: Ball 2-1: Ground out 3-1 (Groundball, 34, EV 80.6 MPH)
|
Bottom of the 2nd over - 0 runs, 0 hits, 0 errors, 0 left on base; St. Louis 5 - Echo Park 0 |
TOP OF THE 3RD |
St. Louis Coeur batting - Pitching for Echo Park Lakers : RHP León Martínez
|
Batting: RHB Neyo Caguioa
|
0-0: Swinging Strike 0-1: Foul Ball, location: 2F 0-2: Ball 1-2: Ball 2-2: Ball 3-2: Ground out 6-3 (Groundball, 6, EV 95.0 MPH)
|
Batting: RHB Asvarya Konduru
|
0-0: SINGLE (Groundball, 4MD, EV 108.8 MPH) (infield hit)
|
Batting: SHB Ozzie Canales-Lister
|
0-0: Ball 1-0: Called Strike 1-1: Foul Ball, location: 2F 1-2: Foul Ball, location: 2F 1-2: DOUBLE (Flyball, 89XD, EV 103.8 MPH) Asvarya Konduru to third Runner from 3rd tries for Home, SAFE, throw by RF to trailing runner, SAFE at third!
|
Batting: RHB Mark MacGrewar
|
0-0: Called Strike 0-1: Foul Ball, location: 2F 0-2: Foul Ball, location: 2F 0-2: Ball 1-2: Ball 2-2: Strikes out looking
|
Batting: RHB César Hinojosa
|
0-0: Called Strike 0-1: Called Strike 0-2: Ball 1-2: Ground out 4-3 (Groundball, 4D, EV 98.8 MPH)
|
Top of the 3rd over - 1 run, 2 hits, 0 errors, 1 left on base; St. Louis 6 - Echo Park 0 |
BOTTOM OF THE 3RD |
Echo Park Lakers batting - Pitching for St. Louis Coeur : RHP George Law
|
Batting: LHB Tony San Pedro
|
0-0: SINGLE (Line Drive, 78S, EV 100.0 MPH)
|
Batting: RHB Esteban Hernández
|
0-0: Called Strike 0-1: Called Strike 0-2: Foul Ball, location: 2F 0-2: Ball 1-2: Foul Ball, location: 2F 1-2: SINGLE (Flyball, 78M, EV 91.9 MPH) Tony San Pedro to second
|
Batting: LHB Scott Daniel
|
0-0: Ball 1-0: Ground out U3 (Groundball, 3S, EV 64.4 MPH) Tony San Pedro to third Esteban Hernández to second
|
Batting: RHB Jochen Nelis
|
0-0: Ball 1-0: Called Strike 1-1: Foul Ball, location: 2F 1-2: Ball 2-2: Ball 3-2: Foul Ball, location: 2F 3-2: Strikes out swinging
|
Batting: LHB Donald Anderson
|
0-0: Foul Ball, location: 2F 0-1: Ball 1-1: Ball 2-1: Fly out, F9 (Flyball, 9D, EV 108.1 MPH)
|
Bottom of the 3rd over - 0 runs, 2 hits, 0 errors, 2 left on base; St. Louis 6 - Echo Park 0 |
TOP OF THE 4TH |
St. Louis Coeur batting - Pitching for Echo Park Lakers : RHP León Martínez
|
Pinch Hitting: RHB Carlos Manuel
|
0-0: Foul Ball, location: 2F 0-1: SINGLE (Line Drive, 6D, EV 98.8 MPH)
|
Pinch Hitting: RHB Ricardo Alejo
|
0-0: Ball 1-0: Fielders Choice at 2nd, 3-6 (Groundball, 23, EV 91.2 MPH)
|
Pinch Hitting: RHB Ricardo Vásquez
|
0-0: Called Strike 0-1: Ball 1-1: Ball 2-1: Foul Ball, location: 2F 2-2: Foul Ball, location: 2F 2-2: Ball 3-2: Fly out, F8 (Flyball, 8LM, EV 91.9 MPH)
|
Pitching: LHP Javier Rúbio
|
|
Batting: RHB Marcos Iglecias
|
|
Batting: RHB Esteban Costello
|
0-0: Called Strike 0-1: Ball 1-1: Ball 2-1: Called Strike 2-2: Strikes out looking
|
Top of the 4th over - 0 runs, 1 hit, 0 errors, 1 left on base; St. Louis 6 - Echo Park 0 |
BOTTOM OF THE 4TH |
Echo Park Lakers batting - Pitching for St. Louis Coeur : RHP George Law
|
Now at 3B: Ricardo Vásquez
|
|
Now in LF: Carlos Manuel
|
|
Now in RF: Ricardo Alejo
|
|
Batting: RHB Jon Griffin
|
0-0: Fly out, F7 (Line Drive, 7, EV 93.1 MPH)
|
Batting: LHB John Harper
|
0-0: Called Strike 0-1: Fly out, F5 (Popup, 5SF, EV 66.2 MPH)
|
Batting: RHB Shaun Kingsley
|
0-0: Called Strike 0-1: Swinging Strike 0-2: Ball 1-2: Foul Ball, location: 2F 1-2: Ground out 5-3 (Groundball, 56S, EV 83.1 MPH)
|
Bottom of the 4th over - 0 runs, 0 hits, 0 errors, 0 left on base; St. Louis 6 - Echo Park 0 |
TOP OF THE 5TH |
St. Louis Coeur batting - Pitching for Echo Park Lakers : LHP Javier Rúbio
|
Pitching: RHP Lee tai hoi Chen
|
|
Now at 1B: Ahvo Holkeri
|
|
Now at SS: Shawn Pittman
|
|
Now in LF: Ed Haynes
|
|
Now in CF: Emory Mills
|
|
Now in RF: Raymond Parsons
|
|
Batting: RHB Neyo Caguioa
|
0-0: Ball 1-0: Foul Ball, location: 2F 1-1: Swinging Strike 1-2: Reached on error, E5 (Groundball, 5D, EV 80.6 MPH)
|
Batting: RHB Asvarya Konduru
|
0-0: Fly out, F5 (Popup, 56S, EV 67.5 MPH)
|
Pinch Hitting: RHB Drew Rose
|
0-0: Foul Ball, location: 2F 0-1: Swinging Strike 0-2: Ball 1-2: Strikes out swinging
|
Batting: RHB Mark MacGrewar
|
0-0: Ball 1-0: Fielders Choice at 2nd, 5-4 (Groundball, 56, EV 86.2 MPH)
|
Top of the 5th over - 0 runs, 0 hits, 1 error, 1 left on base; St. Louis 6 - Echo Park 0 |
BOTTOM OF THE 5TH |
Echo Park Lakers batting - Pitching for St. Louis Coeur : RHP George Law
|
Now at 2B: Tom Scroby
|
|
Now at SS: Drew Rose
|
|
Now in CF: António Marquis
|
|
Batting: RHB Emory Mills
|
0-0: Ball 1-0: Ball 2-0: Foul Ball, location: 2F 2-1: Ground out 6-3 (Groundball, 6M, EV 87.5 MPH)
|
Batting: LHB Tony San Pedro
|
0-0: Ball 1-0: Called Strike 1-1: Ground out 4-3 (Groundball, 4D, EV 86.2 MPH)
|
Batting: RHB Esteban Hernández
|
0-0: Ball 1-0: Ball 2-0: Called Strike 2-1: Ball 3-1: Foul Ball, location: 2F 3-2: Base on Balls
|
Batting: LHB Raymond Parsons
|
0-0: Called Strike 0-1: Foul Ball, location: 2F 0-2: Ball Esteban Hernández is caught stealing 2nd base 2-6
|
Bottom of the 5th over - 0 runs, 0 hits, 0 errors, 0 left on base; St. Louis 6 - Echo Park 0 |
TOP OF THE 6TH |
St. Louis Coeur batting - Pitching for Echo Park Lakers : RHP Lee tai hoi Chen
|
Now at C: Félix Gonzáles
|
|
Now at 2B: Shawn Pittman
|
|
Now at SS: Ed Lewis
|
|
Now in LF: Raúl Hernández
|
|
Now in CF: Ed Haynes
|
|
Batting: RHB César Hinojosa
|
0-0: Called Strike 0-1: SINGLE (Groundball, 4MD, EV 95.6 MPH)
|
Batting: RHB Carlos Manuel
|
0-0: Called Strike 0-1: Called Strike 0-2: Ball 1-2: Ball 2-2: Foul Ball, location: 2F 2-2: Strikes out swinging
|
Batting: RHB Ricardo Alejo
|
0-0: Swinging Strike 0-1: Fly out, F7 (Flyball, 78M, EV 76.9 MPH)
|
Batting: RHB Ricardo Vásquez
|
0-0: Called Strike 0-1: Ball 1-1: Foul Ball, location: 2F 1-2: Ball 2-2: Ball 3-2: Reached on error, E4 (Groundball, 4, EV 90.6 MPH) César Hinojosa to third
|
Batting: RHB Esteban Costello
|
0-0: Ball 1-0: Ball 2-0: Called Strike 2-1: Foul Ball, location: 2F 2-2: SINGLE (Line Drive, 5D, EV 98.1 MPH) César Hinojosa scores Ricardo Vásquez to third Runner from 3rd tries for Home, SAFE, throw by LF to home
|
Pinch Hitting: LHB Edward White
|
0-0: Ball 1-0: Foul Ball, location: 2F 1-1: Swinging Strike 1-2: Foul Ball, location: 2F 1-2: Ball 2-2: Foul Ball, location: 2F 2-2: Foul Ball, location: 2F 2-2: Ball 3-2: Base on Balls Esteban Costello to second
|
Batting: RHB Tom Scroby
|
0-0: Ball 1-0: SINGLE (Line Drive, 7S, EV 93.1 MPH) Esteban Costello to third Edward White to second Runner from 3rd tries for Home, SAFE, throw by LF to home
|
Batting: RHB Drew Rose
|
0-0: Ball 1-0: Ball 2-0: Foul Ball, location: 2F 2-1: Foul Ball, location: 2F 2-2: Ground out 3-1 (Groundball, 34, EV 84.4 MPH)
|
Top of the 6th over - 3 runs, 3 hits, 1 error, 2 left on base; St. Louis 9 - Echo Park 0 |
BOTTOM OF THE 6TH |
Echo Park Lakers batting - Pitching for St. Louis Coeur : RHP George Law
|
Pitching: RHP Thad Parker
|
|
Now at 1B: Thomas Zachary
|
|
Batting: LHB Raymond Parsons
|
0-0: Called Strike 0-1: Called Strike 0-2: Foul Ball, location: 2F 0-2: Fly out, F3 (Popup, 3L, EV 61.2 MPH)
|
Batting: RHB Ed Lewis
|
0-0: Called Strike 0-1: Ball 1-1: Ball 2-1: Swinging Strike 2-2: Ground out 5-3 (Groundball, 56D, EV 83.8 MPH)
|
Batting: RHB Shawn Pittman
|
0-0: Called Strike 0-1: Called Strike 0-2: Strikes out swinging
|
Bottom of the 6th over - 0 runs, 0 hits, 0 errors, 0 left on base; St. Louis 9 - Echo Park 0 |
TOP OF THE 7TH |
St. Louis Coeur batting - Pitching for Echo Park Lakers : RHP Lee tai hoi Chen
|
Pitching: RHP George Crane
|
|
Batting: SHB António Marquis
|
0-0: Ball 1-0: Called Strike 1-1: Called Strike 1-2: Foul Ball, location: 2F 1-2: Hit by Pitch
|
Batting: RHB César Hinojosa
|
0-0: Ball 1-0: Called Strike 1-1: SINGLE (Flyball, 4MD, EV 97.5 MPH) António Marquis to second
|
Pinch Hitting: LHB Étienne Jobe
|
0-0: Hit by Pitch António Marquis to third César Hinojosa to second
|
Batting: RHB Ricardo Alejo
|
0-0: Called Strike 0-1: Called Strike 0-2: Strikes out swinging
|
Batting: RHB Ricardo Vásquez
|
0-0: Foul Ball, location: 2F 0-1: Foul Ball, location: 2F 0-2: Strikes out swinging
|
Batting: SHB Hyung-chor Chong
|
0-0: Called Strike 0-1: Fly out, F7 (Flyball, 7S, EV 88.8 MPH)
|
Top of the 7th over - 0 runs, 1 hit, 0 errors, 3 left on base; St. Louis 9 - Echo Park 0 |
BOTTOM OF THE 7TH |
Echo Park Lakers batting - Pitching for St. Louis Coeur : RHP Thad Parker
|
Pitching: RHP Mal Edwards
|
|
Now at C: Salvador Berrocal
|
|
Now in LF: Étienne Jobe
|
|
Batting: LHB Cecil Hanson
|
0-0: Ball 1-0: Called Strike 1-1: Swinging Strike 1-2: Strikes out swinging
|
Batting: RHB Ahvo Holkeri
|
0-0: Called Strike 0-1: Swinging Strike 0-2: Ball 1-2: SINGLE (Flyball, 4D, EV 87.5 MPH)
|
Batting: RHB Ed Haynes
|
0-0: Called Strike 0-1: Ball 1-1: Swinging Strike 1-2: Ball 2-2: Ball 3-2: Base on Balls Ahvo Holkeri to second
|
Batting: SHB Raúl Hernández
|
0-0: Ball 1-0: Foul Ball, location: 2F 1-1: Called Strike 1-2: Strikes out looking
|
Batting: RHB Félix Gonzáles
|
0-0: Ball 1-0: Called Strike 1-1: Ball 2-1: Ball 3-1: Called Strike 3-2: Foul Ball, location: 2F 3-2: Foul Ball, location: 2F 3-2: Foul Ball, location: 2F 3-2: DOUBLE (Groundball, 5L, EV 97.5 MPH) Ahvo Holkeri scores Ed Haynes to third Ed Haynes scores
|
Pinch Hitting: RHB Jimmy Dreux
|
0-0: Ball 1-0: Fly out, F7 (Flyball, 7D, EV 102.5 MPH)
|
Bottom of the 7th over - 2 runs, 2 hits, 0 errors, 1 left on base; St. Louis 9 - Echo Park 2 |
TOP OF THE 8TH |
St. Louis Coeur batting - Pitching for Echo Park Lakers : RHP George Crane
|
Pitching: RHP Luke Fitzgerald
|
|
Now at 3B: Jimmy Dreux
|
|
Batting: SHB Thomas Zachary
|
0-0: Called Strike 0-1: Foul Ball, location: 2F 0-2: SINGLE (Line Drive, 7S, EV 86.2 MPH)
|
Batting: RHB Tom Scroby
|
0-0: Fly out, F8 (Flyball, 8RXD, EV 98.8 MPH)
|
Batting: RHB Drew Rose
|
0-0: Swinging Strike 0-1: Ball 1-1: Ball 2-1: Swinging Strike 2-2: DOUBLE (Line Drive, 89XD, EV 105.6 MPH) Thomas Zachary to third Runner from 3rd tries for Home, SAFE, throw by RF to home
|
Batting: SHB António Marquis
|
0-0: Ball 1-0: Called Strike 1-1: Ball 2-1: Foul Ball, location: 2F 2-2: DOUBLE (Flyball, 8LXD, EV 102.5 MPH) Drew Rose scores
|
Batting: SHB Salvador Berrocal
|
0-0: Ball 1-0: Swinging Strike 1-1: Swinging Strike 1-2: Ball 2-2: Strikes out looking
|
Batting: LHB Étienne Jobe
|
0-0: Ball 1-0: Swinging Strike 1-1: Ground out 6-3 (Groundball, 6, EV 96.2 MPH)
|
Top of the 8th over - 2 runs, 3 hits, 0 errors, 1 left on base; St. Louis 11 - Echo Park 2 |
BOTTOM OF THE 8TH |
Echo Park Lakers batting - Pitching for St. Louis Coeur : RHP Mal Edwards
|
Pitching: LHP Jon Curtis
|
|
Batting: LHB Raymond Parsons
|
0-0: Ball 1-0: Ball 2-0: Ground out U3 (Groundball, 3L, EV 87.5 MPH)
|
Batting: RHB Ed Lewis
|
0-0: Ball 1-0: Called Strike 1-1: Called Strike 1-2: Foul Ball, location: 2F 1-2: Strikes out looking
|
Batting: RHB Shawn Pittman
|
0-0: Ball 1-0: Ground out 5-3 (Groundball, 56, EV 89.4 MPH)
|
Bottom of the 8th over - 0 runs, 0 hits, 0 errors, 0 left on base; St. Louis 11 - Echo Park 2 |
TOP OF THE 9TH |
St. Louis Coeur batting - Pitching for Echo Park Lakers : RHP Luke Fitzgerald
|
Pitching: RHP Danny Kas
|
|
Batting: RHB Ricardo Alejo
|
0-0: Ball 1-0: Ball 2-0: Ball 3-0: Swinging Strike 3-1: Called Strike 3-2: Strikes out swinging
|
Batting: RHB Ricardo Vásquez
|
0-0: Ball 1-0: Swinging Strike 1-1: Called Strike 1-2: Ball 2-2: Ball 3-2: Strikes out swinging
|
Batting: SHB Hyung-chor Chong
|
0-0: Called Strike 0-1: Foul Ball, location: 2F 0-2: Foul Ball, location: 2F 0-2: Strikes out swinging
|
Top of the 9th over - 0 runs, 0 hits, 0 errors, 0 left on base; St. Louis 11 - Echo Park 2 |
BOTTOM OF THE 9TH |
Echo Park Lakers batting - Pitching for St. Louis Coeur : LHP Jon Curtis
|
Pitching: RHP Shawn Gibson
|
|
Batting: LHB Cecil Hanson
|
0-0: Ball 1-0: Foul Ball, location: 2F 1-1: Ball 2-1: DOUBLE (Line Drive, 7LM, EV 90.6 MPH)
|
Batting: RHB Ahvo Holkeri
|
0-0: Ground out 6-3 (Groundball, 6, EV 89.4 MPH)
|
Pinch Hitting: LHB Leonardo Valdéz
|
0-0: Ball 1-0: Ball 2-0: Called Strike 2-1: Foul Ball, location: 2F 2-2: Strikes out swinging
|
Batting: SHB Raúl Hernández
|
0-0: Ball 1-0: Ground out 4-3 (Groundball, 4M, EV 83.8 MPH)
|
Bottom of the 9th over - 0 runs, 1 hit, 0 errors, 1 left on base; St. Louis 11 - Echo Park 2 |
|